Unix NetHack Version 3.7.0-80 Work-in-progress - last build Mar 20 2023 14:09:10 (4d3a4a9e917c0f86d3594936c235e576342b1c4a,branch:master). Game began 2023-03-27 17:19:09, ended 2023-03-27 20:16:01. 9629, chaotic male elven Wizard ##### ----- --|--############.<..| |...| |*.*| |*.>-###'@#fA####....| |...| ----- |...| |...| |...| ----- 9629 the Thaumaturge St:11 Dx:16 Co:14 In:19 Wi:11 Ch:8 Chaotic Dlvl:9 $:838 HP:0(41) Pw:72(72) AC:5 Xp:6/452 T:4386 Burdened Latest messages: You stop. Your large cat is in the way! The large cat doesn't seem to move! You swap places with your large cat. You swap places with your large cat. You descend the stairs. The couatl picks up a rock. You hear water falling on coins. The door opens. A trap door in the ceiling opens and a rock falls on your head! You have a little trouble lifting a light blue spellbook. Continue? [ynq] (q) You have a little trouble lifting V - a light blue spellbook. Your movements are slowed slightly because of your load. You see here a studded leather armor. You have a little trouble lifting W - a studded leather armor. You hear snoring snakes. What do you want to drop? You drop a studded leather armor. There is an open door here. You see here a studded leather armor. You have a little trouble lifting W - a studded leather armor. You were wearing an uncursed +0 cloak of magic resistance named r:sleep. What do you want to wear? You finish your dressing maneuver. What do you want to wear? You are now wearing a cloak of magic resistance named r:sleep. You hear some noises. You swap places with your couatl. You swap places with your large cat. The rope golem just misses! The rope golem hits! You hit the rope golem. You hit the rope golem. The rope golem hits! The rope golem hits again! The rope golem grabs you! You miss the rope golem. The rope golem hits! The rope golem hits again! You are being choked. You cannot escape from the rope golem! The rope golem hits! The rope golem hits again! You are being choked. You cannot escape from the rope golem! The rope golem hits! The rope golem hits again! You are being choked. You die... Do you want your possessions identified? [ynq] (y) Do you want to see your attributes? [ynq] (y) Inventory: Coins $ - 838 gold pieces Weapons D - a +1 dagger named i:tpath (weapon in hand) S - a +0 dagger T - a +0 elven dagger z - a +0 orcish dagger (at the ready) Armor b - an uncursed +0 cloak of magic resistance named r:sleep (being worn) J - a blessed +0 mummy wrapping W - an uncursed +1 studded leather armor (being worn) Comestibles s - 6 uncursed food rations R - an uncursed lichen corpse Scrolls q - an uncursed scroll of destroy armor j - an uncursed scroll of enchant armor L - a cursed scroll of identify k - an uncursed scroll of light M - a cursed scroll of light A - an uncursed scroll of remove curse E - an uncursed scroll of taming I - an uncursed scroll of teleportation Spellbooks l - a blessed spellbook of force bolt m - an uncursed spellbook of identify U - an uncursed spellbook of magic mapping V - an uncursed spellbook of slow monster Potions r - an uncursed potion of confusion Q - an uncursed potion of confusion O - an uncursed potion of fruit juice x - an uncursed potion of hallucination h - an uncursed potion of monster detection g - an uncursed potion of object detection H - a cursed potion of see invisible f - an uncursed potion of water B - a potion of unholy water Rings e - an uncursed ring of fire resistance w - an uncursed ring of levitation t - a cursed ring of poison resistance d - an uncursed ring of regeneration Wands u - a wand of digging (0:7) c - a wand of polymorph (0:6) Tools p - an uncursed leather drum o - an uncursed blindfold n - a magic marker (0:94) N - an uncursed mirror 9629 the Wizard's attributes: Background: You were a Thaumaturge, a level 6 male elven Wizard. You were chaotic, on a mission for Anhur who was opposed by Ptah (lawful) and Thoth (neutral). You were in the Dungeons of Doom, on level 9. You entered the dungeon 4386 turns ago. You had 452 experience points, 188 more were needed to attain level 7. Basics: You had 0 out of 41 hit points. You had all 72 energy points (spell power). Your armor class was 5. Your wallet contained 838 zorkmids. Autopickup was off. Final Characteristics: Your strength was 11 (limit:18). Your dexterity was 16 (limit:18). Your constitution was 14 (limit:16). Your intelligence was 19 (limit:20). Your wisdom was 11 (limit:20). Your charisma was 8 (limit:18). Final Status: You were held by a rope golem (west). You were not hungry. You were burdened; movement was slightly slowed. You were wielding a dagger. You had basic skill with dagger. Final Attributes: You were piously aligned. You were magic-protected. You were sleep resistant. You were telepathic. You had infravision. You were warded. You are dead. Miscellaneous: You encountered 1 bones level. Total elapsed playing time was 32 minutes and 26 seconds. Major events: Turn 1: 9629 the chaotic male elven Wizard entered the dungeon 998: entered the Gnomish Mines 1221: attained the rank of Conjurer (level 3) 3110: attained the rank of Thaumaturge (level 6) 4386: killed by a rope golem Vanquished creatures: a dwarf ruler a crocodile a leprechaun a blue jelly 3 apes a bugbear 2 wood nymphs 2 orc shamans a rock mole a yellow light a violet fungus a gnome leader 2 kobold mummies an elf zombie 4 floating eyes a kitten a dwarf a kobold shaman a giant bat a dwarf zombie 2 iguanas a coyote a hobbit a large kobold 3 hobgoblins a brown mold a yellow mold a green mold 4 gnomes 3 geckos 7 jackals a fox 2 kobolds a sewer rat 5 grid bugs a bat 6 lichens 7 newts 76 creatures vanquished. No species were genocided or became extinct. Voluntary challenges: You read items or engraved 2 times. You never engraved Elbereth. You never genocided any monsters. You never polymorphed an object. You never changed form. You used no wishes. Achievements: You entered the Gnomish Mines. You attained the rank of Conjurer. You attained the rank of Thaumaturge. The Dungeons of Doom: levels 1 to 9 Level 1: An altar, a sink. Level 2: Stairs down to The Gnomish Mines. Level 3: Some fountains. Level 4: Level 5: A throne, a fountain. Level 6: An altar, a fountain. Level 7: A fountain. Level 8: A fountain, a sink. Level 9: <- You were here. Final resting place for you, killed by a rope golem, secra-Wiz-Elf-Mal-Cha, killed by a kobold mummy. The Gnomish Mines: Level 3: Game over: ---------- / \ / REST \ / IN \ / PEACE \ / \ | 9629 | | 838 Au | | killed by a rope | | golem | | | | | | 2023 | *| * * * | * _________)/\\_//(\/(/\)/\//\/|_)_______ Goodbye 9629 the Wizard... You died in The Dungeons of Doom on dungeon level 9 with 2963 points, and 838 pieces of gold, after 4386 moves. You were level 6 with a maximum of 41 hit points when you died.